 Dungeon Crawl Stone Soup version 0.16.0-16-g311141a (webtiles) character file.

424 Leybi the Shield-Bearer (level 6, -12/56 HPs)
             Began as a Minotaur Fighter on Mar 19, 2015.
             Mangled by Swippen's ghost (15 damage)
             ... on level 4 of the Dungeon.
             The game lasted 00:07:58 (2715 turns).

Leybi the Shield-Bearer (Minotaur Fighter)          Turns: 2715, Time: 00:07:58

Health: -12/56     AC:  7    Str: 22    XL:     6   Next: 64%
Magic:  3/3        EV:  8    Int:  5    God:
Gold:   201        SH: 10    Dex: 10    Spells: 0 memorised, 5 levels left

rFire  . . .     SeeInvis .     a - +0 war axe
rCold  . . .     Clarity  .     b - +0 scale mail
rNeg   . . .     SustAb   .     c - +0 shield
rPois  .         Gourm    .     (helmet restricted)
rElec  .         Spirit   .     (no cloak)
rCorr  .         Warding  .     (no gloves)
rMut   .         Stasis   .     (no boots)
MR     .....                    (no amulet)
Stlth  ..........               (no ring)
                                (no ring)

@: very slightly contaminated, invisible, not resistant to hostile enchantments,
extremely unstealthy
A: retaliatory headbutt, horns 2
a: no special abilities


You were on level 4 of the Dungeon.
You were not hungry.

You visited 1 branch of the dungeon, and saw 4 of its levels.

You collected 201 gold pieces.

Inventory:

Hand weapons
 a - a +0 war axe (weapon)
Armour
 b - a +0 scale mail (worn)
 c - a +0 shield (worn)
Jewellery
 q - a cursed ring of loudness {unknown}
Magical devices
 k - a wand of digging (16)
 o - a wand of teleportation (5)
Scrolls
 f - 3 scrolls of identify {unknown}
 h - a scroll of amnesia {unknown}
 l - a scroll of blinking {unknown}
 n - a scroll of immolation {unknown}
 p - a scroll of teleportation {unknown}
 t - a scroll of remove curse {unknown}
Potions
 e - a potion of might
 i - a potion of flight
 j - a potion of restore abilities {unknown}
 u - a potion of invisibility
 v - a potion of beneficial mutation {unknown}
Comestibles
 d - 4 bread rations
 g - a meat ration
 m - a slice of pizza
 s - 3 fruits


   Skills:
 + Level 5.5 Fighting
 + Level 4.3 Axes
 + Level 5.3 Armour
 - Level 1.0 Dodging
 - Level 0.3 Stealth
 + Level 5.6 Shields


You had 5 spell levels left.
You didn't know any spells.

Dungeon Overview and Level Annotations

Branches:
Dungeon (4/15)
 Temple: D:4-7

Altars:
Fedhas
Kikubaaqudgha

Annotations:
D:4 Swippen's ghost, average GrFi


Innate Abilities, Weirdness & Mutations

You reflexively headbutt those who attack you in melee.
You have a pair of horns on your head.


Message History

You miss the orc wizard.
The orc wizard is almost dead.
Your shield and scale mail prevent you from hitting the orc.
The orc wizard casts a spell at you. The puff of flame hits you!
* * * LOW HITPOINT WARNING * * *
The orc hits you with a flail!
* * * LOW HITPOINT WARNING * * *
Drink which item? (? for menu, Esc to quit)
It was a potion of invisibility.
You fade into invisibility!
The orc wizard hits you but does no damage.
The orc hits you but does no damage.
You are very lightly contaminated with residual magic.
The orc wizard points at the orc and mumbles some strange words.
The magic dart hits you!
* * * LOW HITPOINT WARNING * * *
You see here a tomahawk.
Swippen's ghost hits you!
You die...

..................#
#.................#
###.................#
.....................#
......#..............#
...........(.........#
.....$.........#######
...)...W?......#
.......#@#####.# .....
#(# #.# .... #)# ..
... #o........ .
##o..(... .......
.$..$.. ...##. ...#


You could see an orc wizard, Swippen's ghost and an orc.

Vanquished Creatures
  An ogre (D:4)
  A crimson imp (D:4)
  2 orc priests
  A hound (D:4)
  2 orc wizards
  A worker ant (D:4)
  Jessica (D:2)
  Terence (D:2)
  3 adders (D:2)
  A giant mite (D:1)
  2 worms
  A giant gecko (D:1)
  7 orcs
  8 bats
  5 giant cockroaches
  5 goblins
  9 hobgoblins
  8 jackals
  8 kobolds
  A quokka (D:2)
  2 ball pythons (D:3)
  4 giant newts
  8 rats
82 creatures vanquished.

Notes
Turn   | Place    | Note
--------------------------------------------------------------
     0 | D:1      | Leybi, the Minotaur Fighter, began the quest for the Orb.
     0 | D:1      | Reached XP level 1. HP: 19/19 MP: 1/1
   225 | D:1      | Reached XP level 2. HP: 27/27 MP: 1/1
   273 | D:1      | Reached skill level 4 in Fighting
  1025 | D:1      | Reached XP level 3. HP: 29/33 MP: 2/2
  1221 | D:2      | Noticed Jessica
  1227 | D:2      | Killed Jessica
  1227 | D:2      | Reached XP level 4. HP: 28/41 MP: 2/2
  1331 | D:2      | Noticed Terence
  1335 | D:2      | Killed Terence
  1373 | D:2      | Found a blossoming altar of Fedhas.
  1819 | D:3      | Reached skill level 1 in Dodging
  1922 | D:3      | Reached XP level 5. HP: 43/47 MP: 2/2
  2284 | D:2      | Found an ancient bone altar of Kikubaaqudgha.
  2383 | D:4      | Reached skill level 5 in Fighting
  2387 | D:4      | Reached skill level 5 in Shields
  2407 | D:4      | Noticed an ogre
  2408 | D:4      | Killed an ogre
  2408 | D:4      | Reached skill level 5 in Armour
  2408 | D:4      | Reached XP level 6. HP: 56/56 MP: 3/3
  2710 | D:4      | Noticed Swippen's ghost (average GrFi)
  2715 | D:4      | Mangled by Swippen's ghost

Action                   |  1- 3 |  4- 6 || total
-------------------------+-------+-------++-------
Melee: War axe           |    80 |    96 ||   176
  Use: Potion            |       |     2 ||     2
  Eat: Chunk             |     1 |     5 ||     6
